 Dungeon Crawl Stone Soup version 0.30.0-10-gfe55d96785 (webtiles) character file.

Game seed: 14750540263218702726

156 ragingrage the Slasher (level 5, 0/60 HPs)
             Began as a Djinni Fighter on May 15, 2023.
             Splashed by a jelly's acid (6 damage)
             ... on level 4 of the Dungeon.
             The game lasted 00:02:25 (2626 turns).

ragingrage the Slasher (Djinni Fighter)             Turns: 2626, Time: 00:02:25

Health: 0/60       AC: -9    Str: 15    XL:     5   Next: 64%
Gold:   189        EV:  9    Int: 10    God:
                   SH:  0    Dex: 14

rFire   + + .        a - +0 long sword
rCold   x . .        m - orb {*Rage}
rNeg    . . .        b - +0 scale mail
rPois   ∞            (no helmet)
rElec   .            (no cloak)
rCorr   .            (no gloves)
SInv    .            (boots unavailable)
Will    .....        (no amulet) Stlth
                     (no ring)
HPRegen 0.30/turn    (no ring)
MPRegen 0.00/turn

%: random rage (20%), infuse magic (-1 HP)
@: berserking, corroded, flying, very quick
A: sickness immunity, fire resistance 2, cold vulnerability 1, float, innate
caster, HP casting, extra vitality 1
a: no special abilities


You were on level 4 of the Dungeon.
You visited 1 branch of the dungeon, and saw 4 of its levels.

You collected 189 gold pieces.

Inventory:

Hand Weapons
 a - a +0 long sword (weapon)
Armour
 b - a +0 scale mail (worn)
 c - a +0 buckler
 m - an orb of wrath (worn)
Jewellery
 i - a ring of fire
 t - a ring of protection from fire
Wands
 r - a wand of flame (26)
Scrolls
 e - a scroll of immolation {unknown}
 f - a scroll of teleportation {unknown}
 h - a scroll of poison {unknown}
 j - a scroll of fear {unknown}
 k - 4 scrolls of identify {unknown}
 l - a scroll of noise {unknown}
 n - 2 scrolls of amnesia {unknown}
 o - a scroll of silence {unknown}
 q - a scroll of magic mapping {unknown}
Potions
 d - a potion of might
 g - a potion of ambrosia {unknown}
 p - a potion of curing {unknown}
 s - a potion of heal wounds {unknown}


   Skills:
 - Level 3.0 Fighting
 + Level 4.0 Long Blades
 - Level 3.0 Armour
 - Level 3.0 Shields
 + Level 2.0 Spellcasting


You knew the following spells:

 Your Spells              Type           Power      Damage    Failure   Level
a - Summon Small Mammal   Summ           20%        N/A       45%         1
b - Poisonous Vapours     Pois/Air       10%        N/A       61%         2
Your spell library was empty.

Dungeon Overview and Level Annotations

Branches:
Dungeon (4/15)
 Temple: D:4-7

Altars:

Shops:
D:2 =


Innate Abilities, Weirdness & Mutations

You are immune to sickness and miasma.
You are immune to poison.
Your flesh is very heat resistant. (rF++)
You are vulnerable to cold. (rC-)
You float through the air rather than walking.
You learn spells naturally, not from books.
Your magical power is your life essence.
You have superior vitality. (+4 MHP)


Message History

There is an open door here.
There is an open door here.
You reach down and open the door.
There is an open door here.
You reach down and open the door.
There is an open door here.
You reach down and open the door.
There is an open door here.
A jelly comes into view.
Search for what [? for help]? sli A jelly is nearby!
The jelly quivers.
Found a stone staircase leading up.
You hit the jelly.
Your hands burn!
The jelly closely misses you.
You hit the jelly.
Your hands burn!
The jelly hits you but does no damage.
You hit the jelly. The acid corrodes you!
Your hands burn!
The jelly barely misses you.
The jelly jiggles.
The jelly hits you.
You are splashed with acid.
You are too injured to fight recklessly!
You hit the jelly.
Your hands burn!
The jelly hits you.
You are splashed with acid!
You are too injured to fight recklessly!
You hit the jelly.
Your hands burn!
* * * LOW HITPOINT WARNING * * *
The jelly barely misses you.
You are too injured to fight recklessly!
You completely miss the jelly. The jelly closely misses you.
You are too injured to fight recklessly!
You hit the jelly. The acid corrodes you!
Your hands burn!
* * * LOW HITPOINT WARNING * * *
The jelly closely misses you.
A red film seems to cover your vision as you go berserk!
You feel yourself moving faster!
You feel mighty!
You slash the jelly! The acid corrodes you!
Your hands burn!
* * * LOW HITPOINT WARNING * * *
The jelly hits you.
* * * LOW HITPOINT WARNING * * *
The acid corrodes you!
You are splashed with acid.
You die...

###################
#.....#..#...#.....
#.....'......'.....
#.....#......#.....
#.....#..##..#..... #
#.....#+###..#.....
..#.##.....#..##..#.....
...........#......#.....
......J@...'......######
...........#.......
...........#.......
.<####.....#..##### ####
. #.....#..# #...
#.=...#... #...
#.....+...# #...
#.....#...# #...
#.....##########...


You could see a jelly.

Vanquished Creatures
  A scorpion (D:4)
  An iguana (D:3)
  2 adders (D:2)
  A worm (D:3)
  A dart slug (D:4)
  An orc (D:4)
  3 endoplasms
  3 giant cockroaches (D:1)
  8 goblins
  5 hobgoblins
  4 jackals (D:1)
  2 quokkas
  5 ball pythons
  6 bats
  2 frilled lizards (D:1)
  A kobold (D:2)
  3 rats
49 creatures vanquished.

Notes
Turn   | Place    | Note
-------+----------+-------------------------------------------
     0 | D:1      | ragingrage the Djinni Fighter began the quest for the Orb.
     0 | D:1      | Reached XP level 1. HP: 20/20 MP: 0/0
    25 | D:1      | Reached skill level 2 in Long Blades
    91 | D:1      | Reached XP level 2. HP: 22/25 MP: 0/0
   167 | D:1      | Found a faded altar of an unknown god.
   280 | D:1      | Reached XP level 3. HP: 30/30 MP: 0/0
   280 | D:1      | Learned a level 1 spell: Summon Small Mammal
   284 | D:1      | Reached skill level 3 in Long Blades
   631 | D:2      | Found Keho's Jewellery Shoppe.
   839 | D:2      | Reached XP level 4. HP: 34/35 MP: 0/0
  1339 | D:2      | Reached skill level 1 in Spellcasting
  2289 | D:4      | Noticed a scorpion
  2301 | D:4      | Killed a scorpion
  2302 | D:4      | Reached skill level 4 in Long Blades
  2302 | D:4      | Reached XP level 5. HP: 35/40 MP: 0/0
  2302 | D:4      | Learned a level 2 spell: Poisonous Vapours
  2626 | D:4      | Splashed by a jelly's acid

Illustrated notes

Levels and vault maps discovered:
D:1:      denvon_arrival_hothouse, layout_rooms,
          dreamdust_ecumenical_altar_sealed_demon
D:2:      layout_basic, serial_shops, shop
D:3:      layout_loops_ring
D:4:      layout_gridville, mainiacjoe_overflow_six_doors_small

Skill      XL: |  1  2  3  4 |
---------------+-------------+-----
Long Blades    | 2 3 4 |  4.0
Spellcasting   | 2 |  2.0
Fighting       | |  3.0
Armour         | |  3.0
Shields        | |  3.0

Action                     |  1- 3 |  4- 6 || total
---------------------------+-------+-------++-------
  Melee: Long sword        |    98 |    77 ||   175
 Armour: Scale mail        |    68 |    38 ||   106
  Dodge: Dodged            |    65 |    43 ||   108
  Block: Buckler           |    19 |       ||    19
